Map: Dynasty LE

Players

DaSaltBai - Winner!

  • Race: Protoss Protoss
  • League: Diamond
  • Spawn Location: 1:00

kitab

  • Race: Zerg Zerg
  • League: Diamond
  • Spawn Location: 7:00

VOD

Have the link to the VOD?

Description

Time

  • Played on: Aug. 30, 2024, 9:07 p.m.
  • Length: 2:58
Show
View Real Time Build Order
Export as new Build Order

DaSaltBai Protoss - Winner!

Build Orders: Cannon Rush 

Get SALT Encoding   

  12  0:01  Probe  
  13  0:13  Probe  
  14  0:22  Pylon  
  14  0:27  Probe (Chrono Boost)  
  15  0:39  Probe (Chrono Boost)  
  15  0:41  Pylon  
  16  0:48  Forge  
  16  1:05  Probe  
  17  1:20  Pylon  
  17  1:25  Photon Cannon  
  17  1:27  Photon Cannon  
  17  1:31  Probe  
  17  1:47  Photon Cannon  
  17  1:51  Photon Cannon  
  17  2:05  Probe  
  17  2:08  Gateway  
  18  2:20  Photon Cannon  
Show
View Real Time Build Order
Export as new Build Order

kitab Zerg 

Build Orders: Hatch First 

Get SALT Encoding   

  12  0:00  Drone  
  13  0:12  Overlord  
  13  0:18  Drone  
  14  0:32  Drone x2  
  16  0:37  Drone  
  17  0:59  Hatchery  
  16  1:08  Drone  
  17  1:19  Spawning Pool  
  16  1:26  Extractor  
  11  2:05  Queen  
  11  2:07  Zergling x4  
  15  2:10  Drone  
Tags
 
Add a new tag
Caveats
  • Supply blocks, unpowered buildings, or Contaminate may cause inaccurate times.
  • Supply counts are checked every 10 seconds.